 Dungeon Crawl Stone Soup version 0.20-a0-738-gb057e68 (webtiles) character file.

36775 krabocopter the Fighter (level 13, -8/124 HPs)
             Began as a Minotaur Gladiator on Feb 23, 2017.
             Was an Elder of Wu Jian.
             Mangled by a dire elephant (24 damage)
             ... on level 6 of the Lair of Beasts.
             The game lasted 00:49:21 (15271 turns).

krabocopter the Fighter (Minotaur Gladiator)       Turns: 15271, Time: 00:49:23

Health: -8/124     AC: 16    Str: 21    XL:     13   Next: 54%
Magic:  12/12      EV: 19    Int:  5    God:    Wu Jian [****..]
Gold:   897        SH:  0    Dex: 17    Spells: 12/12 levels left

rFire    . . .     SeeInvis .   I - +3 whip (elec)
rCold    + . .     Gourm    .   q - +5 scale mail {rC+}
rNeg     . . .     Faith    .   (no shield)
rPois    +         Spirit   .   c - +0 hat
rElec    .         Reflect  .   (no cloak)
rCorr    .         Harm     .   n - +0 pair of gloves
MR       .....                  (no boots)
Stlth    +++.......             (no amulet)
Regen    0.3/turn               Z - ring of flight
MPRegen  0.2/turn               s - ring of stealth

@: exhausted, invisible
A: retaliatory headbutt, horns 2, thin skeletal structure 1, camouflage 1,
poison resistance
a: Serpent's Lash, Renounce Religion, Evoke Flight


You were on level 6 of the Lair of Beasts.
You worshipped Wu Jian.
Wu Jian was greatly pleased with you.
You were hungry.

You visited 3 branches of the dungeon, and saw 18 of its levels.
You also visited: Labyrinth and Ossuary.

You collected 897 gold pieces.

Inventory:

Hand Weapons
 G - a +4 shortbow of velocity
 I - a +3 whip of electrocution (weapon)
Missiles
 d - 3 throwing nets (quivered)
 J - 206 arrows
Armour
 c - a +0 hat (worn)
 n - a +0 pair of gloves (worn)
 q - a +5 scale mail of cold resistance (worn)
 w - a +4 scale mail of positive energy
Jewellery
 s - a ring of stealth (left hand)
 Z - a ring of flight (right hand)
Wands
 l - a wand of polymorph (6/24)
 y - a wand of iceblast (4/15)
 D - a wand of digging (10/24)
 M - a wand of disintegration (10/24)
 N - a wand of disintegration (18/24)
 P - a wand of enslavement (9/24)
 Q - a wand of paralysis (7/24)
 T - a wand of acid (6/15)
 W - a wand of digging (13/24)
 X - a wand of paralysis (12/24)
Scrolls
 a - 3 scrolls of immolation
 e - 7 scrolls of identify
 j - a scroll of acquirement {unknown}
 p - 3 scrolls of enchant weapon
 u - 5 scrolls of amnesia
 x - 4 scrolls of recharging
 z - 4 scrolls of teleportation
 A - 3 scrolls of brand weapon {unknown}
 B - 3 scrolls of blinking {unknown}
 C - 7 scrolls of remove curse
 F - 4 scrolls of magic mapping {unknown}
 O - 2 scrolls of noise {unknown}
 Y - a scroll of fog {unknown}
Potions
 b - 4 potions of agility
 i - 10 potions of curing
 m - 3 potions of brilliance
 o - 2 potions of mutation
 r - 5 potions of heal wounds
 H - a potion of lignification
 K - a potion of ambrosia
 R - a potion of might
Books
 h - a book of Summonings

   Spells                             Type                      Level
   a - Recall                         Summoning/Translocation      3
   b - Aura of Abjuration             Summoning                    5
   c - Summon Demon                   Summoning                    5
   d - Summon Forest                  Summoning/Translocation      5
   e - Summon Mana Viper              Hexes/Summoning              5
   f - Shadow Creatures               Summoning                    6
 k - a book of Death

   Spells                             Type                      Level
   a - Corpse Rot                     Necromancy                   2
   b - Sublimation of Blood           Necromancy                   2
   c - Agony                          Necromancy                   5
   d - Dispel Undead                  Necromancy                   5
   e - Excruciating Wounds            Charms/Necromancy            5
   f - Bolt of Draining               Conjuration/Necromancy       5
Miscellaneous
 S - a lightning rod (4/4)
Comestibles
 f - 9 bread rations
 g - 23 fruits
 t - 18 meat rations
 v - 8 chunks of flesh
 L - 8 royal jellies


   Skills:
 + Level 14.3 Fighting
 - Level 14.1 Maces & Flails
 - Level 2.0 Throwing
 + Level 13.4 Armour
 + Level 12.8 Dodging


You had 12 spell levels left.
You didn't know any spells.

Dungeon Overview and Level Annotations

Branches:
Dungeon (11/15)            Temple (1/1) D:6            Lair (6/6) D:8
 Shoals (0/4) Lair:2       Spider (0/4) Lair:2        Slime (0/5) Lair:5
    Orc (0/2) D:10

Altars:
Ashenzari
Cheibriados
Dithmenos
Elyvilon
Fedhas
Gozag
Hepliaklqana
Kikubaaqudgha
Makhleb
Nemelex Xobeh
Okawaru
Qazlal
Ru
Sif Muna
Trog
Wu Jian
Xom
Yredelemnul
The Shining One
Lugonu

Annotations:
D:4 Duvessa
Lair:5 exclusion: 2 oklob plants


Innate Abilities, Weirdness & Mutations

You reflexively headbutt those who attack you in melee.
You have a pair of horns on your head.
You have a somewhat thin skeletal structure. (Dex +2, Stealth)
Your skin changes colour to match your surroundings (Stealth+).
Your system is resistant to poisons. (rPois)


Message History

You spin and attack the dire elephant repeatedly with incredible momentum!
You hit the dire elephant.
You headbutt the dire elephant, but do no damage.
You hit the dire elephant.
Swooosh!
You spin and attack the dire elephant repeatedly with incredible momentum!
You hit the dire elephant. You headbutt the dire elephant!
You barely miss the dire elephant.
You headbutt the dire elephant, but do no damage.
SWOOSH!
You spin and attack the dire elephant repeatedly!
You hit the dire elephant.
You hit the dire elephant but do no damage.
Your headbutt misses the dire elephant. The dire elephant tramples you!
* * * LOW HITPOINT WARNING * * *
You hold your ground!
The dire elephant completely misses you.
You take 8 damage, and have 16/124 hp.
You fade into invisibility!
The dire elephant tramples you!!
You die...

+ ♣♣♣ ###++### ..♣♣♣
♣.§§§..♣ ....♣♣♣
♣♣♣Y@♣♣♣ ♣♣♣...♣♣
♣♣♣.§♣♣ ♣♣...♣♣♣♣♣..♣♣♣
♣♣♣..♣♣..♣♣♣ ♣....♣♣♣
♣...♣♣ ♣..♣♣ ♣♣♣♣ ♣♣
♣♣♣♣♣♣♣♣ ♣♣♣..##
.♣♣♣♣♣♣♣♣♣..♣♣♣♣♣♣.....#


You could see a dire elephant.

Vanquished Creatures
  Snorg (Lair:3)
  A minotaur (Lab)
  The ghost of graki42 the Eclecticist, a journeyman DEFE of Vehumet (Lair:6)
  6 hydras
  3 two-headed ogres (D:9)
  A catoblepas (Lair:5)
  A cyclops (D:8)
  3 black mambas
  5 elephants (Lair:6)
  2 gargoyles (D:10)
  12 spiny frogs
  6 komodo dragons
  3 rime drakes (Lair:6)
  2 polar bears
  A minotaur zombie (Lab)
  A troll (D:10)
  A snapping turtle (Lair:2)
  18 blink frogs
  3 hippogriffs
  Sigmund (D:6)
  A redback (Lair:2)
  9 yaks
  4 wyverns
  4 hogs (D:9)
  2 basilisks (Lair:6)
  6 humans
  A hungry ghost (D:8)
  Menkaure (Ossuary)
  21 water moccasins
  A hell hound (Lair:6)
  8 porcupines
  3 ice beasts
  3 orc warriors
  A sky beast (D:5)
  3 black bears
  2 necrophages
  A phantom (D:6)
  3 ogres
  6 wolves (Lair:5)
  4 centaurs
  14 crocodiles
  13 bullfrogs
  8 killer bees
  A water moccasin skeleton (D:8)
  4 scorpions
  Dowan (D:4)
  4 wights (D:10)
  3 howler monkeys (D:9)
  3 crimson imps
  A bullfrog zombie (D:6)
  A bullfrog skeleton (D:10)
  A centaur zombie (D:8)
  3 hounds
  8 orc wizards
  2 jellies
  3 orc priests
  2 iguanas
  4 worker ants
  Terence (D:3)
  A hound zombie (D:8)
  3 mummies (Ossuary)
  4 gnolls (D:7)
  A howler monkey skeleton (D:5)
  16 adders
  2 shadow imps
  2 oozes
  An adder skeleton (D:8)
  3 adder zombies
  2 worms
  4 dart slugs
  8 leopard geckos
  37 orcs
  7 giant cockroaches
  4 goblins
  12 hobgoblins
  11 jackals
  A quokka (D:2)
  4 ball pythons
  12 bats
  A frilled lizard (D:2)
  2 gnoll skeletons (Ossuary)
  3 gnoll zombies (Ossuary)
  2 goblin skeletons (Ossuary)
  2 goblin zombies (Ossuary)
  A hobgoblin skeleton (Ossuary)
  3 hobgoblin zombies (Ossuary)
  5 kobolds
  2 kobold skeletons (Ossuary)
  An orc skeleton (Ossuary)
  An orc zombie (Ossuary)
  A quokka skeleton (D:7)
  3 rats
  4 rat skeletons (Ossuary)
  5 rat zombies
  A butterfly (Lair:5)
405 creatures vanquished.

Vanquished Creatures (others)
  3 gnoll zombies (Ossuary)
  2 gnoll skeletons (Ossuary)
  A goblin skeleton (Ossuary)
  3 goblin zombies (Ossuary)
  3 hobgoblin skeletons (Ossuary)
  2 kobold skeletons (Ossuary)
  4 kobold zombies (Ossuary)
  2 orc skeletons (Ossuary)
  3 orc zombies (Ossuary)
  3 rat skeletons (Ossuary)
  6 plants
32 creatures vanquished.

Grand Total: 437 creatures vanquished

Notes
Turn   | Place    | Note
-------+----------+-------------------------------------------
     0 | D:1      | krabocopter the Minotaur Gladiator began the quest for the Orb.
     0 | D:1      | Reached XP level 1. HP: 18/18 MP: 0/0
   282 | D:1      | Reached XP level 2. HP: 22/25 MP: 1/1
   827 | D:1      | Reached XP level 3. HP: 19/30 MP: 2/2
  1139 | D:2      | Reached skill level 5 in Maces & Flails
  1250 | D:2      | Reached XP level 4. HP: 37/38 MP: 3/3
  1306 | D:2      | Found a glowing golden altar of the Shining One.
  1349 | D:2      | Found a sparkling altar of Nemelex Xobeh.
  1676 | D:3      | Reached XP level 5. HP: 22/46 MP: 4/4
  2059 | D:3      | Noticed Terence
  2082 | D:3      | Killed Terence
  2165 | D:3      | Found a bloodstained altar of Trog.
  2467 | D:4      | Reached XP level 6. HP: 44/53 MP: 5/5
  2573 | D:4      | Found a deep blue altar of Sif Muna.
  2579 | D:4      | Found an iron altar of Okawaru.
  2580 | D:4      | Found a basalt altar of Yredelemnul.
  2580 | D:4      | Found a white marble altar of Elyvilon.
  2582 | D:4      | Found an ancient bone altar of Kikubaaqudgha.
  2584 | D:4      | Found a shimmering altar of Xom.
  2620 | D:4      | Found a shadowy altar of Dithmenos.
  2887 | D:4      | Noticed Duvessa
  2888 | D:4      | Noticed Dowan
  3141 | D:5      | Entered Level 5 of the Dungeon
  3250 | D:5      | Reached skill level 5 in Fighting
  3328 | D:4      | Killed Dowan
  3328 | D:4      | Reached XP level 7. HP: 38/61 MP: 6/6
  3684 | D:5      | Found a sand-covered staircase.
  3693 | Ossuary  | Entered an ossuary
  3958 | Ossuary  | Noticed Menkaure
  3963 | Ossuary  | Killed Menkaure
  4163 | D:5      | Reached XP level 8. HP: 37/71 MP: 7/7
  4501 | D:5      | Found an opulent altar of Gozag.
  4563 | D:5      | Reached skill level 10 in Maces & Flails
  4906 | D:6      | Reached skill level 1 in Armour
  5182 | D:6      | Noticed a hippogriff
  5192 | D:6      | Killed a hippogriff
  5269 | D:6      | Reached XP level 9. HP: 70/79 MP: 8/8
  5274 | D:6      | Noticed Sigmund
  5362 | D:6      | Found a staircase to the Ecumenical Temple.
  5385 | Temple   | Entered the Ecumenical Temple
  5401 | Temple   | Became a worshipper of the Wu Jian Council
  5528 | D:6      | Killed Sigmund
  5735 | D:7      | Reached skill level 5 in Dodging
  6072 | D:7      | Reached * piety under Wu Jian
  6212 | D:8      | Reached skill level 5 in Armour
  6213 | D:8      | Noticed a cyclops
  6229 | D:8      | Killed a cyclops
  6329 | D:8      | Found a staircase to the Lair.
  6502 | D:8      | Got a brightly glowing scimitar
  6507 | D:8      | Identified the cursed +1 scimitar of Autumn {antimagic, Dex+2} (You found it on level 8 of the Dungeon)
  6909 | D:8      | Reached XP level 10. HP: 86/86 MP: 9/9
  6916 | D:9      | Found a blossoming altar of Fedhas.
  6916 | D:9      | Found a stormy altar of Qazlal.
  6982 | D:9      | Noticed a two-headed ogre
  6992 | D:8      | Gained mutation: You are clumsy. (Dex -2) [potion of mutation]
  6992 | D:8      | Gained mutation: You passively map a small area around you. [potion of mutation]
  6992 | D:8      | Gained mutation: Your skin changes colour to match your surroundings (Stealth+). [potion of mutation]
  7005 | D:8      | Lost mutation: You passively map a small area around you. [potion of mutation]
  7005 | D:8      | Lost mutation: You are clumsy. (Dex -2) [potion of mutation]
  7005 | D:8      | Gained mutation: Your system is resistant to poisons. (rPois) [potion of mutation]
  7005 | D:8      | Gained mutation: You have a somewhat thin skeletal structure. (Dex +2, Stealth) [potion of mutation]
  7017 | D:9      | Killed a two-headed ogre
  7065 | D:9      | Noticed a two-headed ogre
  7075 | D:9      | Killed a two-headed ogre
  7233 | D:9      | Noticed a two-headed ogre
  7242 | D:9      | Killed a two-headed ogre
  7675 | D:9      | Found a snail-covered altar of Cheibriados.
  7803 | D:9      | Reached ** piety under Wu Jian
  7951 | D:9      | You fall through a shaft for 2 floors!
  8002 | D:10     | Entered Level 10 of the Dungeon
  8045 | D:10     | Noticed a gargoyle
  8065 | D:10     | Killed a gargoyle
  8352 | D:10     | Reached XP level 11. HP: 91/92 MP: 10/10
  8355 | D:10     | Found a staircase to the Orcish Mines.
  8770 | D:10     | Reached skill level 10 in Dodging
  9032 | Lair:1   | Entered Level 1 of the Lair of Beasts
  9032 | Lair:1   | Noticed a seven-headed hydra
  9035 | D:8      | Reached skill level 10 in Armour
  9039 | D:8      | Reached *** piety under Wu Jian
  9142 | Lair:1   | Killed a seven-headed hydra
  9434 | Lair:1   | Reached skill level 10 in Fighting
 10074 | Lair:1   | Reached XP level 12. HP: 54/111 MP: 11/11
 10608 | Lair:2   | Found a hole to the Spider Nest.
 10626 | Lair:2   | Reached **** piety under Wu Jian
 10681 | Lair:2   | Found a staircase to the Shoals.
 11167 | Lair:3   | You fall through a shaft for 2 floors!
 11737 | Lair:4   | Noticed an eight-headed hydra
 11746 | Lair:4   | Killed an eight-headed hydra
 11754 | Lair:4   | Found a labyrinth entrance.
 11761 | Lab      | Entered a labyrinth
 11891 | Lab      | Noticed a minotaur
 11893 | Lab      | Identified Sif Muna's Disquisition on Dark Feathers
 11901 | Lab      | Killed a minotaur
 12518 | Lair:3   | Noticed Snorg
 12527 | Lair:3   | Killed Snorg
 13281 | Lair:5   | Found a staircase to the Slime Pits.
 13574 | Lair:5   | Noticed a catoblepas
 13581 | Lair:5   | Killed a catoblepas
 13633 | Lair:5   | Reached ***** piety under Wu Jian
 13859 | Lair:5   | Noticed an eight-headed hydra
 14147 | Lair:5   | Killed an eight-headed hydra
 14160 | Lair:6   | Entered Level 6 of the Lair of Beasts
 14172 | Lair:6   | Reached XP level 13. HP: 108/122 MP: 12/12
 14228 | Lair:6   | Noticed graki42's ghost (journeyman DEFE)
 14560 | Lair:6   | Killed graki42's ghost
 15249 | Lair:6   | Noticed a dire elephant
 15271 | Lair:6   | Mangled by a dire elephant

Vault maps used:
D:1:      dpeg_arrival_tiny_g, minivault_23
D:2:      nemelex_altar_shiori, tso_metal_star
D:3:      bloody_trog, uniq_terence
D:4:      nicolae_overflow_crystal_walls, minitemple,
          nicolae_dithmenos_shadow_blocks, uniq_duvessa
D:5:      grunt_gozag_breadcrumbs, enter_ossuary_4, first_bread,
          guppyfry_early_orc_mine
D:6:      temple_statues, uniq_sigmund
D:8:      lair_entry_dummy
D:9:      grunt_temple_overflow_forces_of_nature, cheibriados_altar_1,
          serial_glass, glass_columns_a, glass_columns_b, grunt_livestock,
          minmay_item_behind_shaft
D:10:     orc_0_dummy, minmay_ruffians
Temple:   corrupted_temple
Lair:1:   cheibrodos_lair_reptile_den
Lair:2:   minmay_shoals_entry_hut, spider_nest_entry_webs, grunt_megastairs_5
Lair:3:   infiniplex_staircase_pool, serial_bayou_shore_b, uniq_snorg
Lair:4:   lab_entry_generic
Lair:5:   dpeg_slime_entry_corner, lemuel_fruit_fields,
          minmay_lair_oklob_chamber
Lair:6:   evil_forest
Lab:      labyrinth_hidden_loot, nicolae_lab_t_cross, nicolae_lab_diamond
Ossuary:  ossuary_due_pyramid

Skill      XL: |  1  2  3  4  5  6  7  8  9 10 11 12 13 |
---------------+----------------------------------------+-----
Maces & Flails | 4 5 6 7 8 9 11 13 14 | 14.1
Fighting       | 3 4 5 6 7 11 13 14 | 14.3
Armour         | 3 5 8 10 12 13 | 13.4
Dodging        | 4 6 9 10 11 12 | 12.8
Throwing       | |  2.0

Action                   |  1- 3 |  4- 6 |  7- 9 | 10-12 | 13-15 || total
-------------------------+-------+-------+-------+-------+-------++-------
Melee: Flail             |    59 |   141 |   215 |       |       ||   415
       Headbutt          |     9 |    29 |    69 |   170 |    70 ||   347
       Whip              |       |       |   110 |   750 |   225 ||  1085
Invok: Serpent's Lash    |       |       |       |       |     1 ||     1
       Heaven On Earth   |       |       |       |       |     1 ||     1
Evoke: Wand              |       |       |       |     3 |       ||     3
  Use: Potion            |       |     3 |     2 |     5 |     1 ||    11
       Scroll            |       |     2 |     4 |    14 |     1 ||    21
 Stab: Sleeping          |     1 |       |       |     8 |     3 ||    12
       Distracted        |       |       |     1 |     1 |     2 ||     4
  Eat: Chunk             |     1 |     7 |    11 |    22 |     4 ||    45
       Royal jelly       |       |       |     1 |       |       ||     1
       Fruit             |       |       |       |     1 |       ||     1
Armor: Leather armour    |    13 |    12 |       |       |       ||    25
       Scale mail        |       |    44 |    93 |   112 |    28 ||   277
       Skin              |       |       |       |     2 |       ||     2
Dodge: Dodged            |    49 |   146 |   139 |   251 |    77 ||   662
